 Dungeon Crawl Stone Soup version 0.27.1-4-g1640c2035a (webtiles) character file.

Game seed: 10463464777246577780

630554 Gabide the Acrobat (level 25, -1/204 (219) HPs)
             Began as a Human Artificer on Nov 6, 2021.
             Was the Champion of Ru.
             Succumbed to poison (poison gas)
             ... on level 4 of the Realm of Zot on Nov 18, 2021.
             The game lasted 09:03:20 (90605 turns).

Gabide the Acrobat (Human Artificer)               Turns: 90605, Time: 09:03:21

HP:   -1/204 (219)  AC: 22    Str: 13 (14) XL:     25
MP:   27/27         EV: 25    Int: 11      God:    Ru [******]
Gold: 6332          SH:  0    Dex: 19      Spells: 24/24 levels left

rFire    + . .     SeeInvis +   V - +9 quick blade (elec)
rCold    . . .     Faith    .   (shield unavailable)
rNeg     . . .     Spirit   .   p - +6 ring mail of Reason {rCorr}
rPois    +         Reflect  .   U - +2 helmet {SInv}
rElec    +         Harm     .   f - scarf {repulsion}
rCorr    +         Rampage  .   T - +2 pair of gloves
Will     +....                  d - +2 pair of boots
Stlth    ++........             I - amulet of Hedonism {+Blink rF+ Regen+ MP+9 Dex-4}
HPRegen  1.44/turn              (ring unavailable)
MPRegen  0.20/turn              Y - ring of poison resistance

@: confused, brilliant, lethally poisoned (-1 -> -54), ambrosia-drunk, drained,
repel missiles
A: missing a hand, hated by all, disrupted magic 1, inexperienced 1, deformed
body, deterioration 2, dopey 1, low mp 2, electricity resistance, inhibited
regeneration
}: 3/15 runes: decaying, silver, gossamer
a: Renounce Religion, Evoke Blink, Draw Out Power, Power Leap, Apocalypse


You were on level 4 of the Realm of Zot.
You worshipped Ru.
Ru was exalted by your worship.
You visited 10 branches of the dungeon, and saw 50 of its levels.
You visited the Abyss 3 times.
You also visited: Ossuary and Wizlab.

You collected 8383 gold pieces.
You spent 2051 gold pieces at shops.

Inventory:

Hand Weapons
 g - a +9 quick blade of venom
 i - the +7 rapier "Omelette" {vorpal, rC++}
   (You found it on level 3 of the Depths)

   It inflicts extra damage upon your enemies.
   rC:        It greatly protects you from cold.
 k - the +9 rapier of Gifabor {flame, rElec Str+4}
   (You found it on level 2 of the Spider Nest)

   It burns those it strikes, dealing additional fire damage.
   Str:       It affects your strength (+4).
   rElec:     It insulates you from electricity.
 J - a +5 scimitar of holy wrath
 V - a +9 quick blade of electrocution (weapon)
Armour
 d - a +2 pair of boots (worn)
 f - a scarf of repulsion (worn)
 p - the +6 ring mail of Reason (worn) {rCorr}
   (You found it on level 6 of the Dungeon)

   rCorr:     It protects you from acid and corrosion.
 x - the +3 pair of seven-league boots {Rampage+∞}
   (You acquired it on level 3 of the Elven Halls)

   Its wearer moves as far as possible in that direction when moving towards
   enemies.
 H - the +1 leather armour of the Ditch-Digger {Will++ Dex+2}
   (You took it off a tengu reaver on level 5 of the Vaults)

   Dex:       It affects your dexterity (+2).
   Will:      It greatly increases your willpower.
 T - a +2 pair of gloves (worn)
 U - a +2 helmet of see invisible (worn)
 Z - a +2 robe of resistance
Jewellery
 h - a ring of flight
 r - a ring of positive energy
 F - a ring of willpower
 I - the amulet of Hedonism (around neck) {+Blink rF+ Regen+ MP+9 Dex-4}
   (You found it on level 2 of the Spider Nest)

   [amulet of regeneration]

   Dex:       It affects your dexterity (-4).
   rF:        It protects you from fire.
   MP:        It affects your magic capacity (+9).
   +Blink:    It lets you blink.
   Regen:     It increases your rate of health regeneration.
 K - a +4 ring of slaying
 M - a ring of protection from fire
 W - the ring "Ziboame" {+Blink rC+ Dex+4}
   (You found it on level 6 of the Lair of Beasts)

   [ring of protection from cold]

   Dex:       It affects your dexterity (+4).
   rC:        It protects you from cold.
   +Blink:    It lets you blink.
 X - the ring of the Hare {EV+8}
   (You took it off a deep elf annihilator on level 5 of the Vaults)

   [ring of evasion]

   EV:        It affects your evasion (+8).
 Y - a ring of poison resistance (right hand)
Wands
 c - a wand of digging (22)
 s - a wand of mindburst (6)
 t - a wand of flame (126)
 y - a wand of iceblast (24) (quivered)
 G - a wand of paralysis (15)
 N - a wand of polymorph (6)
Scrolls
 b - 3 scrolls of enchant armour
 j - 2 scrolls of fear
 q - 9 scrolls of teleportation
 w - a scroll of holy word
 z - 9 scrolls of magic mapping
 D - a scroll of silence
 O - 6 scrolls of fog
Potions
 a - a potion of brilliance
 l - 12 potions of attraction
 n - 6 potions of flight
 o - 2 potions of cancellation
 u - a potion of berserk rage
 v - 6 potions of might
 A - 5 potions of ambrosia
 R - 3 potions of haste
 S - 4 potions of magic
Miscellaneous
 e - a piece from Xom's chessboard (15/15)
 B - a tin of tremorstones (2/2)
 E - a lightning rod (3/4)
 P - a condenser vane


   Skills:
 * Level 22.8 Fighting
 * Level 20.1(20.2) Short Blades
 + Level 2.7(13.9) Long Blades
 - Level 0.1(2.2) Maces & Flails
 - Level 3.7 Staves
 + Level 0.6 Throwing
 + Level 12.7 Armour
 * Level 23.0 Dodging
 + Level 18.1 Stealth
 + Level 0.8 Unarmed Combat
 * Level 19.6 Evocations


You had 24 spell levels left.
You didn't know any spells.
Your spell library contained the following spells:

 Spells                   Type           Power      Damage    Failure   Level
 Apportation              Tloc           0%         N/A       61%         1
 Corona                   Hex            0%         N/A       61%         1
 Freeze                   Ice            0%         1d3       61%         1
 Magic Dart               Conj           0%         1d3       61%         1
 Pain                     Necr           0%         1d4       61%         1
 Sandblast                Erth           0%         2d4       61%         1
 Shock                    Conj/Air       0%         1d3       61%         1
 Sting                    Tmut/Pois      0%         1d3       61%         1
 Corpse Rot               Necr/Air       N/A        N/A       75%         2
 Ensorcelled Hibernation  Hex/Ice        0%         N/A       75%         2
 Passwall                 Tmut/Erth      0%         N/A       75%         2
 Poisonous Vapours        Pois/Air       0%         N/A       75%         2
 Searing Ray              Conj           0%         3d3       75%         2
 Slow                     Hex            0%         N/A       75%         2
 Static Discharge         Conj/Air       0%         N/A       75%         2
 Confusing Touch          Hex            0%         N/A       92%         3
 Dazzling Flash           Conj/Hex       0%         N/A       92%         3
 Frozen Ramparts          Ice            0%         1d2       92%         3
 Gell's Gravitas          Tloc           0%         N/A       92%         3
 Ignite Poison            Fire/Tmut/Pois 0%         N/A       92%         3
 Lesser Beckoning         Tloc           0%         N/A       92%         3
 Mephitic Cloud           Conj/Pois/Air  0%         N/A       92%         3
 Ozocubu's Armour         Ice            0%         N/A       92%         3
 Portal Projectile        Hex/Tloc       0%         N/A       92%         3
 Spider Form              Tmut/Pois      0%         N/A       92%         3
 Swiftness                Air            0%         N/A       92%         3
 Teleport Other           Tloc           0%         N/A       92%         3
 Vampiric Draining        Necr           0%         2d6       92%         3
 Airstrike                Air            0%         N/A       100%        4
 Dispel Undead            Necr           0%         3d6       100%        4
 Fulminant Prism          Conj/Hex       0%         3d6       100%        4
 Hailstorm                Conj/Ice       0%         3d3       100%        4
 Iskenderun's Mystic Bla  Conj/Tloc      0%         2d3       100%        4
 Leda's Liquefaction      Hex/Erth       0%         N/A       100%        4
 Olgreb's Toxic Radiance  Pois           0%         N/A       100%        4
 Passage of Golubria      Tloc           N/A        N/A       100%        4
 Sticky Flame             Conj/Fire      0%         2d3       100%        4
 Agony                    Necr           0%         N/A       100%        5
 Blade Hands              Tmut           0%         N/A       100%        5
 Bolt of Magma            Conj/Fire/Erth 0%         4d4       100%        5
 Excruciating Wounds      Necr           0%         N/A       100%        5
 Fireball                 Conj/Fire      0%         3d3       100%        5
 Freezing Cloud           Conj/Ice/Air   0%         6-21      100%        5
 Irradiate                Conj/Tmut      0%         3d13      100%        5
 Lee's Rapid Deconstruct  Erth           0%         3d5*      100%        5
 Metabolic Englaciation   Hex/Ice        0%         N/A       100%        5
 Silence                  Hex/Air        0%         N/A       100%        5
 Yara's Violent Unravell  Hex/Tmut       0%         3d3       100%        5
 Conjure Ball Lightning   Conj/Air       0%         3x3d6     100%        6
 Iron Shot                Conj/Erth      0%         9d1       100%        6
 Dragon Form              Tmut           0%         N/A       100%        7
 Ozocubu's Refrigeration  Ice            0%         4d5       100%        7
 Chain Lightning          Conj/Air       0%         N/A       100%        9
 Polar Vortex             Ice            0%         N/A       100%        9
 Animate Skeleton         Necr           Unusable   N/A       N/A         1
 Summon Small Mammal      Summ           Unusable   N/A       N/A         1
 Call Imp                 Summ           Unusable   N/A       N/A         2
 Call Canine Familiar     Summ           Unusable   N/A       N/A         3
 Animate Armour           Summ/Erth      Unusable   N/A       N/A         4
 Summon Ice Beast         Ice/Summ       Unusable   N/A       N/A         4
 Summon Forest            Summ/Tloc      Unusable   N/A       N/A         5
 Summon Mana Viper        Hex/Summ       Unusable   N/A       N/A         5
 Shadow Creatures         Summ           Unusable   N/A       N/A         6
 Simulacrum               Ice/Necr       Unusable   N/A       N/A         6
 Monstrous Menagerie      Summ           Unusable   N/A       N/A         7

Dungeon Overview and Level Annotations

Branches:
Dungeon (15/15)            Temple (1/1) D:6            Lair (6/6) D:11
  Swamp (4/4) Lair:2       Spider (4/4) Lair:2        Slime (0/5) Lair:6
    Orc (2/2) D:12            Elf (3/3) Orc:2        Vaults (5/5) D:14
  Crypt (0/3) Vaults:3     Depths (5/5) D:15            Zot (5/5) Depths:5
Ossuary (visited)          WizLab (visited)

Altars:
Ashenzari
Cheibriados
Dithmenos
Elyvilon
Fedhas
Gozag
Hepliaklqana
Kikubaaqudgha
Makhleb
Nemelex Xobeh
Okawaru
Qazlal
Ru
Sif Muna
Trog
Uskayaw
Vehumet
Wu Jian
Xom
Yredelemnul
Zin
The Shining One
Beogh

Shops:
D:4 (   D:5 *   Orc:2 :*=*   Elf:2 !   Elf:3 [   Vaults:5 *   Depths:1 *=:=

Portals:
Hell: Depths:1 Depths:2 Depths:3 Depths:4 Depths:5
Abyss: D:6 Depths:2 Depths:4
Pandemonium: Depths:2 Depths:3
Ziggurat: Depths:3

Annotations:
Elf:2 2 runed translucent doors


Innate Abilities, Weirdness & Mutations

You are missing a hand.
You are hated by all.
Your casting is slightly disrupted.
You are somewhat inexperienced. (-2 XL)
Armour fits poorly on your strangely shaped body.
Your body often deteriorates upon taking damage.
You are dopey. (Int -2)
Your magical capacity is very low. (-20% MP)
You are resistant to electric shocks. (rElec)
You do not regenerate when monsters are visible.


Message History

You puncture the green draconian!
The green draconian is almost dead.
You are engulfed in poison gas.
You are more poisoned.
You feel extremely sick.
You closely miss the green draconian.
The green draconian is almost dead.
You are engulfed in poison gas.
You are more poisoned.
You feel extremely sick.
You puncture the green draconian!
The green draconian is almost dead.
You are engulfed in poison gas.
You are more poisoned.
You feel extremely sick.
The green draconian completely misses you.
The green draconian misses you.
You puncture the green draconian!
Lightning courses through the green draconian!
You kill the green draconian!
You are engulfed in poison gas.
You are more poisoned.
You feel extremely sick.
Your lightning rod (3/4) has regained one charge.
* * * LOW HITPOINT WARNING * * *
You feel extremely sick.
There is a lethal amount of poison in your body!
You feel clever all of a sudden.
* * * LOW HITPOINT WARNING * * *
You feel extremely sick.
You are confused.
You feel invigorated.
* * * LOW HITPOINT WARNING * * *
Your body deteriorates!
You feel weakened.
You feel extremely sick.
You remove the ring of the Hare {EV+8}.
* * * LOW HITPOINT WARNING * * *
You feel extremely sick.
Y - a ring of poison resistance (right hand)
You die...

#...###..###...###..##..##..##..#
##...##..##...## ##.##..##......#
###..........#### ####..##......#
.###........###.## ##...##..##..#
..###..#######...###...###..##..#
...##..######...###...###...##..#
#..............###...###...###..#
##............###.).###...###...#
####..#####..###@..###...###...##
.###..#####..##...###.....#..<###
.................###...#.......#.
.........<......###...###...#....
###########..#####...###...###...
###########..####...###...###...#
...................###...###...##
..................###...###...###
############..######...## ##.###.


There were no monsters in sight!

Vanquished Creatures
  An ancient lich (WizLab)
  4 dread liches
  2 orbs of fire
  Mara (Depths:1)
  A juggernaut (Depths:2)
  4 caustic shrikes
  Nikola (Swamp:2)
  8 golden dragons
  2 bone dragons
  2 electric golems
  A Brimstone Fiend (Vaults:5)
  Arachne (Spider:4)
  A hellephant (Abyss:3)
  Jorgrun (Elf:2)
  8 liches
  3 Orb Guardians
  6 titans
  3 deep elf master archers (Elf:3)
  12 tentacled monstrosities
  6 quicksilver dragons
  9 tentacled starspawn
  4 deep elf blademasters (Elf:3)
  An ancient champion (WizLab)
  5 death cobs
  Kirke (Swamp:1)
  9 sphinxes
  A thorn hunter (Swamp:2)
  Gastronok (Lair:3)
  Agnes (Spider:1)
  Donald (Swamp:4)
  6 shadow dragons
  10 tengu reavers
  4 draconian monks
  9 storm dragons
  An azure jelly (shapeshifter) (Vaults:4)
  5 fire giants
  2 fenstrider witches (Swamp:3)
  8 deep elf sorcerers
  5 ghost moths
  7 draconian knights
  14 vault wardens
  Aizul (Depths:1)
  3 balrugs
  3 iron dragons
  6 frost giants
  3 draconian scorchers
  2 cacodemons
  3 draconian annihilators
  8 emperor scorpions
  5 orc warlords
  2 draconian stormcallers
  3 draconian shifters
  5 deep elf elementalists (Elf:3)
  Louise (D:15)
  A spriggan defender (Depths:4)
  14 ironbound preservers
  3 war gargoyles
  20 very ugly things
  7 deep elf demonologists
  A juggernaut skeleton (Depths:4)
  An ophan (Abyss:2)
  9 green draconians
  21 stone giants
  4 dire elephants
  5 black draconians
  A lorocyproca (Abyss:3)
  8 deep elf annihilators
  3 vampire knights
  10 white draconians
  7 red draconians
  3 entropy weavers
  3 spark wasps
  10 yellow draconians
  5 purple draconians
  3 bunyips (Swamp:2)
  A green death (Abyss:3)
  An eleionoma (shapeshifter) (Vaults:5)
  7 deep elf death magi
  2 blizzard demons
  7 eleionomae
  A crystal guardian (Vaults:1)
  2 shambling mangroves
  19 ettins
  A merfolk javelineer (Depths:4)
  13 fire dragons
  2 monstrous demonspawn (Depths:2)
  Josephine (D:10)
  8 deep elf high priests
  4 great orbs of eyes
  15 yaktaur captains
  6 ironbound thunderhulks
  3 rakshasas
  4 boulder beetles
  Fannar (D:10)
  2 naga warriors (Abyss:3)
  7 ice dragons
  2 quicksilver dragon skeletons (Depths:4)
  26 hydras
  36 vault guards
  A caustic shrike simulacrum (Depths:4)
  4 ogre magi
  12 centaur warriors
  A catoblepas (Lair:6)
  3 death knights
  3 ghost crabs
  2 spriggan air magi
  25 dancing weapons
  6 ironbound frosthearts
  10 two-headed ogres
  11 death yaks
  7 alligators
  9 tengu warriors
  14 deep troll earth magi
  8 deep troll shamans
  2 soul eaters (Depths:2)
  4 spriggan berserkers (Depths:5)
  A satyr (Abyss:3)
  2 orc high priests
  13 thrashing horrors
  A titan zombie (Depths:4)
  10 hell knights
  2 vampire magi
  2 ironbound beastmasters
  2 sun demons
  14 deep elf knights
  Sonja (D:10)
  8 iron trolls
  6 wretched stars
  A fire crab (shapeshifter) (Vaults:4)
  17 skeletal warriors
  A shadow demon (Abyss:5)
  4 goliath frogs
  3 spriggan druids
  10 swamp dragons
  A shadow wraith (Vaults:3)
  6 spatial maelstroms
  An orange crystal statue (D:11)
  2 flayed ghosts
  3 sixfirhies
  A glowing orange brain (Depths:5)
  3 bog bodies
  9 deep elf archers
  8 harpies
  58 deep trolls
  Pikel (D:7)
  8 wizards
  8 phantasmal warriors
  23 orb spiders
  24 ironbound convokers
  An obsidian statue (Vaults:2)
  7 necromancers
  The ghost of Sopaderocas the Grave Robber, a novice DDNe (D:6)
  A shining eye (Abyss:2)
  24 deep elf pyromancers
  A lindwurm (Lair:4)
  23 orc knights
  2 orc sorcerers
  25 wolf spiders
  27 deep elf zephyrmancers
  7 manticores
  35 ugly things
  An oklob plant (Lair:2)
  3 will-o-the-wisps
  A frost giant zombie (Depths:4)
  19 large abominations
  6 worldbinders
  6 cyclopes
  18 moths of wrath
  A toenail golem (D:6)
  3 rust devils
  14 elephants (Lair:6)
  Maurice (D:10)
  17 vault sentinels
  A molten gargoyle (Depths:3)
  4 black mambas
  5 guardian serpents
  A fire giant skeleton (Vaults:1)
  A frost giant skeleton (Depths:4)
  12 cane toads
  3 torpor snails
  2 gargoyles
  9 smoke demons
  4 apocalypse crabs
  An ice statue (D:12)
  7 rime drakes
  3 orange demons
  A human zombie (Vaults:1)
  A hellion (Abyss:3)
  A kobold demonologist (Abyss:4)
  8 komodo dragons
  3 tengu conjurers
  2 efreet (Abyss:2)
  8 demonic crawlers
  2 hellwings
  7 ancient zymes
  5 freezing wraiths
  37 yaktaurs
  9 ice devils
  2 red devils
  51 jumping spiders
  3 meliai (Spider:1)
  A queen bee (Spider:1)
  12 trolls
  3 polar bears
  12 tyrant leeches
  A blink frog (shapeshifter) (Abyss:2)
  A hornet (shapeshifter) (Vaults:5)
  25 raiju
  34 slime creatures
  An elf zombie (Vaults:1)
  16 hornets
  Grinder (D:6)
  8 dream sheep (Lair:4)
  A stone giant simulacrum (Vaults:4)
  22 blink frogs
  A dream sheep (shapeshifter) (Vaults:4)
  9 flying skulls
  6 shadows
  A redback (shapeshifter) (Vaults:5)
  4 vampires (WizLab)
  77 redbacks
  8 spriggans
  8 ynoxinuls
  2 air elementals (Elf:1)
  8 wraiths
  A dire elephant simulacrum (Abyss:2)
  34 tarantellas
  5 wyverns
  A fire elemental (Abyss:3)
  A human (Swamp:1)
  4 water elementals
  A yak (shapeshifter) (Vaults:5)
  4 basilisks
  24 yaks
  8 neqoxecs
  4 hogs
  2 chaos spawn
  5 steam dragons
  32 vampire mosquitoes
  19 swamp worms
  A swamp worm (shapeshifter) (Vaults:3)
  5 two-headed ogre zombies (WizLab)
  2 wargs
  29 small abominations
  7 spatial vortices
  An acid dragon (D:12)
  A naga (Abyss:3)
  17 water moccasins
  2 hell hounds (Elf:2)
  A floating eye (shapeshifter) (D:10)
  10 swamp drakes
  An ice beast (Vaults:4)
  35 orc warriors
  18 ogres
  18 wolves
  4 black bears
  12 centaurs
  2 phantoms
  An elf simulacrum (Depths:4)
  2 kobold brigands
  8 bullfrogs
  A gnoll sergeant (D:10)
  2 two-headed ogre simulacra (Orc:1)
  An earth elemental (Elf:2)
  32 scorpions
  A hornet simulacrum (D:15)
  A water moccasin skeleton (D:6)
  11 troll zombies
  41 killer bees
  An elephant simulacrum (Orc:1)
  7 wights
  6 electric eels
  A howler monkey (D:14)
  A human simulacrum (Vaults:4)
  A crimson imp (Orc:1)
  3 hounds
  2 quasits (Abyss:3)
  38 starcursed masses
  3 centaur zombies
  7 jellies
  19 orc priests
  3 centaur skeletons
  An iguana (shapeshifter) (Vaults:5)
  3 iron imps
  Jessica (D:2)
  16 orc wizards
  2 hell rats (Lair:2)
  2 troll simulacra (Orc:1)
  A spriggan simulacrum (Orc:1)
  9 ogre zombies
  14 mummies (Ossuary)
  Robin (D:2)
  8 gnolls
  A howler monkey zombie (D:6)
  8 river rats (Lair:2)
  5 adders
  2 naga simulacra (Orc:1)
  A shadow imp (Orc:1)
  5 white imps
  11 ufetubi
  A worm (D:3)
  A dart slug (D:1)
  61 orcs
  2 bats
  7 endoplasms
  4 giant cockroaches
  9 goblins
  8 hobgoblins
  10 jackals
  A quokka (D:3)
  8 ball pythons
  2 frilled lizards (D:3)
  A gnoll skeleton (Ossuary)
  2 goblin skeletons
  A goblin zombie (D:12)
  11 kobolds
  A kobold skeleton (Ossuary)
  14 orc skeletons
  14 orc zombies (D:12)
  5 rats
  11 rat skeletons (Ossuary)
  6 briar patches (Abyss:5)
  A butterfly (Lair:3)
  A lurking horror (Abyss:4)
  8 starspawn tentacles
2387 creatures vanquished.

Vanquished Creatures (collateral kills)
  A two-headed ogre (Orc:2)
  A skeletal warrior (D:11)
  A deep troll (Orc:2)
  2 orc sorcerers
  2 trolls (Orc:2)
  2 yaks (D:6)
  3 ogres (Orc:2)
  3 orc warriors (Orc:1)
  An adder (D:5)
  2 orcs (Orc:2)
  A goblin (D:2)
  A hobgoblin (D:2)
20 creatures vanquished.

Vanquished Creatures (others)
  A golden dragon (Depths:2)
  A tentacled monstrosity (Zot:5)
  An Orb Guardian (Zot:4)
  A quicksilver dragon (Zot:5)
  A fire giant (Depths:5)
  An ironbound preserver (Vaults:3)
  A very ugly thing (Depths:5)
  A deep elf demonologist (Depths:4)
  A deep elf death mage (Elf:3)
  2 hydras (Swamp:4)
  A peacekeeper (Vaults:1)
  3 two-headed ogres (Orc:2)
  An alligator (Swamp:2)
  A deep troll shaman (Depths:2)
  A spriggan (Swamp:3)
  A wretched star (Abyss:4)
  A deep troll (Vaults:2)
  3 large abominations
  A wizard (Vaults:2)
  A deep elf pyromancer (Elf:3)
  An orb spider (Spider:2)
  2 wolf spiders
  A cyclops (D:14)
  A rust devil (Depths:2)
  3 smoke demons
  A dire elephant skeleton (Abyss:2)
  2 yaktaurs
  2 jumping spiders
  A bloated husk (Swamp:1)
  A hornet (Swamp:3)
  3 tyrant leeches (Spider:2)
  A raiju (Abyss:2)
  A dream sheep (Lair:4)
  A dream sheep (shapeshifter) (Vaults:5)
  2 redbacks
  A water elemental (Depths:5)
  A yak (D:6)
  A vampire mosquito (Swamp:2)
  A neqoxec (Abyss:3)
  A small abomination (Abyss:4)
  A chaos spawn (Abyss:2)
  A swamp worm (Swamp:4)
  A hell hound (Elf:2)
  A water moccasin (D:5)
  An ice beast (Abyss:2)
  2 orc warriors
  2 ogres (Orc:2)
  2 scorpions (Spider:2)
  2 killer bees
  A starcursed mass (Abyss:3)
  A quasit (Abyss:2)
  An orc wizard (D:8)
  3 ufetubi
  2 orcs (Orc:2)
  3 goblins (D:2)
  2 hobgoblins (D:2)
  2 briar patches (Abyss:5)
  12 foxfires
  33 fungi
  A lurking horror (Abyss:2)
  36 plants
  15 starspawn tentacles
178 creatures vanquished.

Grand Total: 2585 creatures vanquished

Notes
Turn   | Place    | Note
-------+----------+-------------------------------------------
     0 | D:1      | Gabide the Human Artificer began the quest for the Orb.
     0 | D:1      | Reached XP level 1. HP: 15/15 MP: 1/1
   438 | D:1      | Reached XP level 2. HP: 21/21 MP: 2/2
  1312 | D:2      | Reached XP level 3. HP: 26/26 MP: 3/3
  1330 | D:2      | Noticed Robin
  1338 | D:2      | HP: 1/26 [goblin[Robin] (5)]
  1656 | D:2      | Found a blossoming altar of Fedhas.
  1688 | D:2      | Killed Robin
  1689 | D:2      | Reached XP level 4. HP: 26/33 MP: 4/4
  1875 | D:2      | Reached skill level 2 in Dodging
  1880 | D:2      | Noticed Jessica
  1882 | D:2      | Killed Jessica
  1883 | D:2      | Reached skill level 1 in Staves
  2093 | D:3      | Reached XP level 5. HP: 37/38 MP: 5/5
  2110 | D:3      | Gained mutation: You are robust. (+10% HP) [potion of
                  | mutation]
  2591 | D:3      | Found a faded altar of an unknown god.
  3578 | D:4      | Reached XP level 6. HP: 43/50 MP: 6/6
  3633 | D:4      | Found Sentime's Weapon Shop.
  4250 | D:4      | Found an ornate altar of the Wu Jian Council.
  4563 | D:5      | Entered Level 5 of the Dungeon
  4563 | D:5      | Noticed an ogre
  4565 | D:5      | Reached skill level 3 in Dodging
  4568 | D:5      | Killed an ogre
  4569 | D:5      | Reached XP level 7. HP: 58/58 MP: 7/7
  5082 | D:5      | Reached skill level 1 in Short Blades
  5594 | D:5      | Found Ziuczyrgh's Serpentskin Sales.
  5594 | D:5      | Noticed a water moccasin
  5594 | D:5      | Noticed a water moccasin
  5594 | D:5      | Noticed a water moccasin
  5599 | D:5      | Killed a water moccasin
  5610 | D:5      | Killed a water moccasin
  5611 | D:5      | Reached skill level 4 in Dodging
  5611 | D:5      | Reached XP level 8. HP: 46/67 MP: 8/8
  5964 | D:6      | Found a transporter.
  5965 | D:6      | Identified the +3 ring mail "Ablorgh" {Fly rC- rN++}
  6135 | D:6      | Noticed a yak
  6135 | D:6      | Noticed a yak
  6135 | D:6      | Noticed a yak
  6136 | D:6      | Noticed a yak
  6136 | D:6      | Noticed a yak
  6139 | D:6      | Noticed a yak
  6144 | D:6      | Killed a yak
  6145 | D:6      | Reached skill level 5 in Evocations
  6152 | D:6      | Killed a yak
  6153 | D:6      | Reached skill level 5 in Fighting
  6171 | D:6      | Killed a yak
  6172 | D:6      | Reached skill level 5 in Dodging
  6172 | D:6      | Reached XP level 9. HP: 24/74 MP: 9/9
  6184 | D:6      | Killed a yak
  6512 | D:6      | Noticed Grinder
  6540 | D:6      | Found a transporter.
  7494 | D:6      | Found a staircase to the Ecumenical Temple.
  7503 | D:6      | Killed Grinder
  7613 | D:6      | Identified the +8 dagger of Fury {vorpal, *Corrode rF+
                  | Dex+4}
  7616 | D:6      | Identified the +6 ring mail of Reason {rCorr}
  7841 | D:6      | Noticed a toenail golem
  7855 | D:6      | Reached skill level 6 in Dodging
  7856 | D:6      | Noticed an ice devil
  7870 | D:6      | Noticed Sopaderocas's ghost (novice DDNe)
  7871 | D:6      | Found a one-way gate to the infinite horrors of the Abyss.
  8050 | D:7      | Reached skill level 5 in Short Blades
  8185 | D:7      | Noticed a hornet
  8188 | D:7      | Killed a hornet
  8189 | D:7      | Reached XP level 10. HP: 84/84 MP: 10/10
  8359 | D:7      | Noticed Pikel
  8383 | D:7      | Killed Pikel
  9075 | D:8      | Found a sand-covered staircase.
  9093 | Ossuary  | Entered an ossuary
 10041 | D:8      | Reached skill level 7 in Dodging
 10512 | D:9      | Reached skill level 1 in Shields
 10923 | D:9      | Reached XP level 11. HP: 63/92 MP: 11/11
 11335 | D:10     | Entered Level 10 of the Dungeon
 11335 | D:10     | Noticed Fannar
 11339 | D:10     | Killed Fannar
 11340 | D:10     | Reached skill level 8 in Dodging
 11674 | D:10     | Noticed a two-headed ogre
 11682 | D:10     | Killed a two-headed ogre
 11683 | D:10     | Reached skill level 5 in Stealth
 11853 | D:10     | Noticed a two-headed ogre
 11876 | D:10     | Killed a two-headed ogre
 12248 | D:10     | Noticed Sonja
 12252 | D:10     | Killed Sonja
 12465 | D:10     | Noticed Josephine
 12497 | D:10     | Killed Josephine
 12498 | D:10     | Reached skill level 9 in Dodging
 12790 | D:10     | Reached XP level 12. HP: 74/103 MP: 12/12
 12921 | D:10     | Noticed Maurice
 12925 | D:10     | Killed Maurice
 12987 | D:11     | Noticed a seven-headed hydra
 13008 | D:11     | Killed a seven-headed hydra
 13353 | D:11     | Found a staircase to the Lair.
 13469 | D:11     | Noticed a centaur warrior
 13490 | D:11     | Killed a centaur warrior
 13552 | D:11     | Noticed a two-headed ogre
 13571 | D:11     | Killed a two-headed ogre
 13629 | D:11     | Noticed a boulder beetle
 13647 | D:11     | Killed a boulder beetle
 13648 | D:11     | Reached skill level 10 in Dodging
 13777 | D:11     | Noticed a boulder beetle
 13787 | D:11     | Noticed a skeletal warrior
 13810 | D:11     | Killed a boulder beetle
 13819 | D:11     | Noticed a skeletal warrior
 13820 | D:11     | Noticed a skeletal warrior
 13833 | D:11     | Killed a skeletal warrior
 13834 | D:11     | Noticed a five-headed hydra
 13842 | D:11     | Killed a skeletal warrior
 13848 | D:11     | Killed a skeletal warrior
 13849 | D:11     | Reached skill level 10 in Fighting
 14037 | D:11     | Killed a five-headed hydra
 14339 | D:12     | Noticed a skeletal warrior
 14351 | D:12     | Killed a skeletal warrior
 14352 | D:12     | Reached XP level 13. HP: 99/113 MP: 9/13
 14892 | D:12     | Noticed a six-headed hydra
 14898 | D:12     | Killed a six-headed hydra
 14923 | D:12     | Noticed a four-headed hydra
 14939 | D:12     | Killed a four-headed hydra
 14940 | D:12     | Reached skill level 11 in Dodging
 15449 | D:12     | Found a staircase to the Orcish Mines.
 16149 | Orc:1    | Entered Level 1 of the Orcish Mines
 16869 | Orc:1    | Noticed an orc warlord
 16925 | Orc:1    | Killed an orc warlord
 17429 | Orc:2    | Entered Level 2 of the Orcish Mines
 17438 | Orc:2    | Paralysed by an orc sorcerer for 3 turns
 17837 | Orc:2    | Found Xeehedo's Assorted Antiques.
 17837 | Orc:2    | Noticed an ogre mage
 17840 | Orc:2    | Noticed an ogre mage
 17844 | Orc:2    | Paralysed by an ogre mage for 3 turns
 17845 | Orc:2    | Reached skill level 10 in Evocations
 17845 | Orc:2    | Reached XP level 14. HP: 109/124 MP: 11/14
 17848 | Orc:2    | Reached skill level 5 in Armour
 18095 | Orc:2    | Found Lodaej's Jewellery Shop.
 18097 | Orc:2    | Found Janixtu's General Store.
 18105 | Orc:2    | Found Equa's Book Emporium.
 18148 | Orc:2    | Found a staircase to the Elven Halls.
 18474 | Orc:2    | Bought a bronze wand for 112 gold pieces
 18474 | Orc:2    | Bought a pair of embroidered boots for 210 gold pieces
 18474 | Orc:2    | Bought a scroll of enchant weapon for 210 gold pieces
 18474 | Orc:2    | Bought a scroll of enchant weapon for 210 gold pieces
 18474 | Orc:2    | Bought a wand of flame (14) for 28 gold pieces
 18479 | Orc:2    | Bought a wand of charming (10) for 216 gold pieces
 18479 | Orc:2    | Bought a wand of iceblast (6) for 180 gold pieces
 19586 | Orc:1    | Reached skill level 12 in Dodging
 19863 | D:6      | Killed Sopaderocas's ghost
 19967 | Temple   | Entered the Ecumenical Temple
 20209 | Temple   | Became a worshipper of Ru the Awakened
 20455 | Lair:1   | Entered Level 1 of the Lair of Beasts
 20634 | Lair:1   | Reached skill level 10 in Short Blades
 21295 | Lair:1   | Reached XP level 15. HP: 119/132 MP: 13/15
 21779 | Lair:2   | Gained mutation: You are hated by all. [Ru sacrifice]
 21779 | Lair:2   | Reached * piety under Ru
 21779 | Lair:2   | Reached ** piety under Ru
 21862 | Lair:2   | Found a hole to the Spider Nest.
 22713 | Lair:2   | Found a staircase to the Swamp.
 23461 | Lair:3   | Noticed Gastronok
 23467 | Lair:3   | Killed Gastronok
 24055 | Lair:4   | Gained mutation: You are somewhat inexperienced. (-2 XL)
                  | [Ru sacrifice]
 24055 | Lair:4   | Reached XP level 14. HP: 125/125 MP: 14/14
 24055 | Lair:4   | Reached XP level 13. HP: 117/117 MP: 13/13
 24055 | Lair:4   | Reached *** piety under Ru
 24088 | Lair:4   | Reached skill level 13 in Dodging
 25506 | Lair:4   | Identified a scroll of acquirement
 25506 | Lair:4   | Acquired a +5 quick blade
 25903 | Lair:5   | Gained mutation: Your casting is slightly disrupted. [Ru
                  | sacrifice]
 25903 | Lair:5   | Reached **** piety under Ru
 26372 | Lair:6   | Entered Level 6 of the Lair of Beasts
 26587 | Lair:6   | Reached XP level 14. HP: 122/126 MP: 12/14
 26629 | Lair:6   | Found a staircase to the Slime Pits.
 26870 | Lair:6   | Found a bloodstained altar of Trog.
 27126 | Lair:6   | Reached skill level 14 in Dodging
 27127 | Lair:6   | Identified the ring "Ziboame" {+Blink rC+ Dex+4}
 28503 | Swamp:1  | Entered Level 1 of the Swamp
 28637 | Swamp:1  | Got the Tome of Translocation and Darkness
 29512 | Swamp:2  | Noticed a thorn hunter
 29522 | Swamp:2  | Noticed Kirke
 29524 | Swamp:2  | Killed a thorn hunter
 29608 | Swamp:1  | Killed Kirke
 30552 | Swamp:2  | Noticed Nikola
 30574 | Swamp:2  | Killed Nikola
 31367 | Swamp:3  | Reached XP level 15. HP: 126/135 MP: 15/15
 33010 | Swamp:4  | Entered Level 4 of the Swamp
 33180 | Swamp:4  | Noticed Donald
 33189 | Swamp:4  | Killed Donald
 33275 | Swamp:4  | Reached skill level 15 in Dodging
 34701 | Swamp:4  | Got a decaying rune of Zot
 36208 | D:13     | Reached XP level 16. HP: 137/145 MP: 14/16
 36216 | D:13     | Reached skill level 10 in Stealth
 37083 | D:14     | Gained mutation: You are missing a hand. [Ru sacrifice]
 37083 | D:14     | Reached ***** piety under Ru
 37083 | D:14     | Reached ****** piety under Ru
 37099 | D:14     | Found a gate to the Vaults.
 37995 | D:14     | Reached skill level 16 in Dodging
 38330 | D:15     | Entered Level 15 of the Dungeon
 39125 | D:15     | Noticed Louise
 39145 | D:15     | Killed Louise
 39352 | D:15     | Found a staircase to the Depths.
 39427 | D:15     | Found a white marble altar of Elyvilon.
 39427 | D:15     | Found a glowing silver altar of Zin.
 39428 | D:15     | Found a glowing golden altar of the Shining One.
 40089 | Elf:1    | Entered Level 1 of the Elven Halls
 40104 | Elf:1    | Paralysed by an air elemental for 1 turns
 40113 | Elf:1    | Paralysed by an air elemental for 1 turns
 40990 | Elf:1    | Reached XP level 17. HP: 154/154 MP: 17/17
 41088 | Elf:1    | You fall into a shaft and drop 1 floor!
 41093 | Elf:2    | Found a large runed translucent door.
 41093 | Elf:2    | Found a large runed translucent door.
 41122 | Elf:2    | Found a large runed translucent door.
 41122 | Elf:2    | Found a large runed translucent door.
 42109 | Elf:1    | Found an ancient bone altar of Kikubaaqudgha.
 42174 | Elf:1    | Got the Collected Works on Creative Battle Magic
 42724 | Elf:2    | Found Igyss's Distillery.
 42746 | Elf:2    | Bought a potion of might for 52 gold pieces
 42746 | Elf:2    | Bought a potion of curing for 39 gold pieces
 42746 | Elf:2    | Bought a potion of curing for 39 gold pieces
 42746 | Elf:2    | Bought a potion of haste for 130 gold pieces
 42746 | Elf:2    | Bought a potion of heal wounds for 65 gold pieces
 42988 | Elf:2    | Noticed Jorgrun
 43019 | Elf:2    | Killed Jorgrun
 43311 | Elf:2    | Reached skill level 15 in Fighting
 43829 | Elf:3    | Entered Level 3 of the Elven Halls
 44032 | Elf:3    | Reached XP level 18. HP: 163/163 MP: 18/18
 44035 | Elf:3    | Acquired the +3 pair of seven-league boots {Rampage+∞}
 44035 | Elf:3    | Found the +3 pair of seven-league boots {Rampage+∞}
 44505 | Elf:3    | Found Keosen's Armour Shoppe.
 45046 | Elf:3    | Identified the +4 scimitar "Guithru" {flame, rF+}
 45086 | Elf:3    | Reached skill level 17 in Dodging
 45102 | Elf:3    | Reached XP level 19. HP: 105/168 MP: 15/19
 45378 | Elf:3    | Identified the ring of Life {rC+ Dex+3 SInv}
 46053 | Elf:3    | Cast into level 2 of the Abyss (a deep elf sorcerer)
 46053 | Abyss:2  | Found a corrupted altar of Lugonu.
 46143 | Elf:3    | Escaped the Abyss
 46193 | Elf:3    | Paralysed by an orc sorcerer for 3 turns
 46491 | Elf:3    | Identified the +1 hunting sling of the Iron City of Dis
                  | {freeze, Str+4 Dex+2}
 47972 | Elf:2    | Reached skill level 10 in Armour
 48977 | Spider:1 | Entered Level 1 of the Spider Nest
 49457 | Spider:1 | Noticed Agnes
 49471 | Spider:1 | Reached skill level 15 in Evocations
 49485 | Spider:1 | Killed Agnes
 50218 | Spider:2 | Identified the amulet of Hedonism {+Blink rF+ Regen+ MP+9
                  | Dex-4}
 51036 | Spider:2 | Identified the +9 rapier of Gifabor {flame, rElec Str+4}
 51102 | Spider:2 | Reached XP level 20. HP: 182/182 MP: 20/20
 53724 | Spider:4 | Entered Level 4 of the Spider Nest
 54112 | Spider:4 | Reached skill level 15 in Short Blades
 54116 | Spider:4 | Reached skill level 18 in Dodging
 54664 | Spider:4 | Got a gossamer rune of Zot
 54846 | Spider:4 | Noticed Arachne
 54864 | Spider:4 | Killed Arachne
 55724 | Depths:1 | Entered Level 1 of the Depths
 55740 | Depths:1 | Noticed Mara
 55747 | Depths:1 | Killed Mara
 55757 | Depths:1 | Found an opulent altar of Gozag.
 56555 | Depths:1 | Reached XP level 21. HP: 139/191 MP: 16/21
 56570 | Depths:1 | Noticed Aizul
 56610 | Depths:1 | Killed Aizul
 57055 | Depths:1 | Found Duataut's Jewellery Shoppe.
 57055 | Depths:1 | Found Yzoarph's Book Shop.
 57056 | Depths:1 | Found Bihistar's Jewellery Shoppe.
 57157 | Depths:1 | Found Gozag's Platinum Reserve.
 57321 | Depths:1 | Found a gateway to Hell.
 59250 | Depths:2 | Noticed a caustic shrike
 59252 | Depths:2 | Killed a caustic shrike
 59264 | Depths:2 | Noticed a golden dragon
 59314 | Depths:2 | HP: 8/183 [golden dragon (21)]
 59567 | Depths:2 | Voluntarily entered the Abyss.
 59836 | Abyss:2  | Found an iron altar of Okawaru.
 59926 | Abyss:2  | Noticed a dread lich
 59967 | Abyss:2  | Killed a dread lich
 59974 | Abyss:2  | Reached skill level 19 in Dodging
 60090 | Abyss:2  | Got Sif Muna's Incunabulum of Cloudy Stones
 60604 | Abyss:2  | Identified the +0 robe of Dogmatism {SInv}
 60940 | Abyss:3  | Reached XP level 22. HP: 158/190 MP: 22/22
 61273 | Abyss:3  | Noticed a dread lich
 61619 | Abyss:3  | Paralysed by accursed screaming for 1 turns
 61650 | Abyss:3  | Paralysed by accursed screaming for 1 turns
 61656 | Abyss:3  | HP: 8/181 [starcursed mass/accursed screaming (9)]
 61862 | Abyss:3  | Paralysed by accursed screaming for 1 turns
 62102 | Abyss:5  | Entered Level 5 of the Abyss
 62270 | Depths:2 | Escaped the Abyss
 62634 | Vaults:1 | Entered Level 1 of the Vaults
 64540 | Vaults:2 | Reached skill level 15 in Stealth
 65077 | Vaults:2 | Reached XP level 23. HP: 187/202 MP: 23/23
 65763 | Vaults:2 | Reached skill level 20 in Dodging
 66649 | Vaults:3 | Found a staircase to the Crypt.
 70194 | Vaults:4 | Reached XP level 24. HP: 199/221 MP: 23/23
 70452 | Vaults:5 | Entered Level 5 of the Vaults
 71391 | Vaults:5 | Noticed a dread lich
 71586 | Vaults:5 | Paralysed by a sphinx for 5 turns
 71589 | Vaults:5 | Noticed a dread lich
 71615 | Vaults:4 | Killed a dread lich
 71810 | Vaults:4 | Paralysed by a dread lich for 6 turns
 71830 | Vaults:4 | Killed a dread lich
 73230 | Vaults:5 | Cast into level 2 of the Abyss (a deep elf demonologist)
 73246 | Abyss:2  | Identified the +1 quarterstaff "Ywickusch" {distort, *Slow
                  | Int+5}
 74054 | Abyss:3  | Found a corrupted altar of Lugonu.
 74056 | Abyss:3  | Found a corrupted altar of Lugonu.
 74312 | Abyss:3  | Reached skill level 21 in Dodging
 74350 | Abyss:3  | Gained mutation: Your magical capacity is extremely low.
                  | (-30% MP) [a neqoxec]
 74664 | Abyss:3  | Noticed an ancient lich
 74681 | Vaults:5 | Escaped the Abyss
 74866 | Vaults:5 | Reached XP level 25. HP: 174/218 MP: 20/20
 74868 | Vaults:5 | Identified the +6 falchion of Sudden Death {protect, rC+
                  | Dex+3}
 74906 | Vaults:5 | Identified the +1 robe of Asceticism {rPois Will+ MP+9
                  | Dex+2}
 74927 | Vaults:5 | Noticed a dread lich
 74968 | Vaults:5 | Killed a dread lich
 75825 | Vaults:5 | Identified the +10 shortbow of Doyttex {venom, Dex+3}
 75844 | Vaults:5 | Got the Compendium of Dislocated Heat
 76024 | Vaults:5 | Identified the +5 shortbow "Keotz" {freeze, MP+9 Int+4
                  | Dex+4 SInv}
 76026 | Vaults:5 | Identified the +1 plate armour of Mirth {Int+5}
 76039 | Vaults:5 | Identified the +8 chain mail of the Devil's Advocate {Fly
                  | MP+9}
 76139 | Vaults:5 | Identified the ring "Dayl" {rCorr Int+3 Dex+5}
 76140 | Vaults:5 | Identified the +6 rapier "Yhiowoepp" {vorpal, rElec rN+
                  | Str-3 Int+3}
 76142 | Vaults:5 | Identified the +1 leather armour of the Ditch-Digger
                  | {Will++ Dex+2}
 76401 | Vaults:5 | Paralysed by a sphinx for 2 turns
 76689 | Vaults:5 | Identified the +4 mace "Concordance" {freeze, Str+5 Dex+2}
 76821 | Vaults:5 | Found Qoregi's General Store.
 76828 | Vaults:5 | Bought a wand of polymorph (6) for 152 gold pieces
 76828 | Vaults:5 | Bought a wand of paralysis (12) for 266 gold pieces
 76828 | Vaults:5 | Bought a scroll of enchant weapon for 142 gold pieces
 76898 | Vaults:5 | Got a silver rune of Zot
 77796 | Depths:2 | Found a one-way gate leading to the halls of Pandemonium.
 78060 | Depths:2 | Noticed a juggernaut
 78091 | Depths:2 | Killed a juggernaut
 78243 | Depths:2 | Identified the +11 mace "Jeiwixis" {vorpal, *Noise rPois
                  | Will+ Str+7}
 78336 | Depths:3 | Found a gateway to a ziggurat.
 78405 | Depths:3 | Found a glowing golden altar of the Shining One.
 78584 | Depths:3 | Identified the +7 rapier "Omelette" {vorpal, rC++}
 78591 | Depths:3 | Identified the +8 morningstar of the Living Dead {vorpal,
                  | Contam +Rage rF+}
 78592 | Depths:3 | Identified the +10 war axe of Peril {freeze, rCorr}
 78908 | Depths:3 | Found a magical portal.
 78917 | WizLab   | Entered Zonguldrok's Shrine
 79320 | WizLab   | Noticed an antique lich
 79337 | WizLab   | Killed an antique lich
 79373 | WizLab   | Found the +9 sword of Zonguldrok {reap}
 79649 | Depths:4 | Reached skill level 1 in Long Blades
 81082 | Depths:5 | Entered Level 5 of the Depths
 81701 | Depths:5 | Found a gate to the Realm of Zot.
 81735 | Depths:5 | Reached skill level 22 in Dodging
 83234 | Zot:1    | Entered Level 1 of the Realm of Zot
 85744 | Zot:2    | Noticed an orb of fire
 85746 | Zot:2    | Gained mutation: You do not regenerate when monsters are
                  | visible. [an orb of fire]
 85800 | Zot:2    | Gained mutation: Your magical capacity is very low. (-20%
                  | MP) [an orb of fire]
 85808 | Zot:2    | Gained mutation: Your body sometimes deteriorates upon
                  | taking damage. [an orb of fire]
 85809 | Zot:2    | Gained mutation: Armour fits poorly on your strangely
                  | shaped body. [an orb of fire]
 85810 | Zot:2    | Gained mutation: You are resistant to electric shocks.
                  | (rElec) [an orb of fire]
 85820 | Zot:2    | Killed an orb of fire
 85979 | Zot:2    | You fall into a shaft and drop 1 floor!
 86651 | Zot:3    | Noticed an orb of fire
 86668 | Zot:3    | Gained mutation: You are dopey. (Int -2) [an orb of fire]
 86681 | Zot:3    | Lost mutation: You are robust. (+10% HP) [an orb of fire]
 86682 | Zot:3    | Gained mutation: Your body often deteriorates upon taking
                  | damage. [an orb of fire]
 86685 | Zot:3    | Killed an orb of fire
 89394 | Zot:5    | Entered Level 5 of the Realm of Zot
 89470 | Zot:5    | HP: 4/211 [golden dragon/bolt of cold (39)]
 89830 | Zot:5    | Noticed a Killer Klown
 89832 | Zot:5    | Reached skill level 23 in Dodging
 90289 | Zot:4    | HP: 10/203 [poisoned by a green draconian (poison gas)]
 90604 | Zot:4    | HP: 4/204 [poison (poison gas)]
 90605 | Zot:4    | Succumbed to poison (poison gas)

Illustrated notes

Levels and vault maps discovered:
D:1:      minmay_arrival_cross, layout_basic
D:2:      layout_rooms, basic_altar, kennysheep_generic_room_14, uniq_jessica,
          uniq_robin
D:3:      minmay_evil_eye, layout_loops_ring, basic_ecumenical_altar,
          chequers_mini_garden
D:4:      layout_basic, lemuel_round_altar, serial_shops, nicolae_shop_stone,
          lightli_corner_chamber
D:5:      layout_rooms, guppyfry_shop_venom
D:6:      layout_loops_ring, minmay_temple_entry_butterflies,
          gammafunk_ghost_abyssal_escape, uniq_grinder
D:7:      layout_gridville, uniq_pikel
D:8:      layout_cave_pools, nicolae_ossuary_entry_ruins,
          chequers_serial_rivers_large_b
D:9:      layout_roguey
D:10:     layout_roguey, kennysheep_just_a_vault, uniq_maurice, uniq_fannar,
          uniq_sonja, uniq_josephine
D:11:     minmay_statue_hallways, layout_rooms, grunt_lair_entry_orc_guard_hut,
          minmay_misc_feat_room
D:12:     cheibrodos_frozen_isle, layout_irregular_city, zombieorc2_lemuel
D:13:     layout_loops_corners
D:14:     layout_roguey, erik_vaults_2, minmay_misc_feat_encased
D:15:     grunt_enter_depths_snipers, layout_irregular_city,
          good_gods_mini_temple, grunt_decor_mini_mirrors, uniq_louise
Temple:   kilobyte_greek_temple
Lair:1:   layout_gridlike, grunt_forest_large_clearing_hut,
          serial_bayou_shore_b, grunt_megastairs_3
Lair:2:   layout_cave_pods, swamp_mist, spider_nest_entry_web_field,
          kennysheep_rathole
Lair:3:   layout_loops_ring, grunt_megastairs_2, lemuel_fruit_fields,
          infiniplex_staircase_pool_2, uniq_gastronok
Lair:4:   layout_gridlike
Lair:5:   layout_cave_pods
Lair:6:   grunt_lair_end_beastmaster, layout_loops_ring,
          minmay_slime_entry_pillars, basic_altar, fungi_pond_lemuel,
          serial_bayou_lagoon_b
Swamp:1:  layout_basic_swamp, nicolae_swamp_big_swirl
Swamp:2:  layout_basic_swamp, evilmike_swamp_ruin_rubble_2, uniq_nikola,
          uniq_kirke
Swamp:3:  nicolae_swamp_wrong_neighborhood, layout_falls_marsh,
          nicolae_swamp_orc_logging_accident
Swamp:4:  swamp, layout_basic_swamp, swamp_pool1, uniq_donald
Spider:1: layout_spider_delve, special_room [special_room_bee],
          nicolae_spider_webbed_stairs, uniq_agnes
Spider:2: spiders_nest_a, nicolae_spider_swamp_cousins
Spider:3: layout_spider_delve, nicolae_spider_orb_run
Spider:4: grunt_spider_rune_circles, nicolae_spider_cling_ruins, uniq_arachne
Orc:1:    orc_temple, layout_diamond_mine, portal_ice_cave_entry_ice_simulacra,
          hangedman_minor_magic
Orc:2:    st_orc_open, layout_caves, basic_altar
Elf:1:    nicolae_elf_arrival_aired_out, layout_rooms, basic_altar,
          minmay_elf_sorcery
Elf:2:    elven_hall_of_blades_hangedman_alternative
          [nicolae_blade_entry_splitting_headache], layout_geoelf_diagonals,
          serial_shops, nicolae_shop_trees, special_room
          [special_room_mythical_zoo], uniq_jorgrun
Elf:3:    nooodl_elf_gasket, layout_loops_corners, serial_shops,
          nicolae_diamond_shop
Vaults:1: nicolae_vaults_branching_niches, v_misc_27, v_rooms_4,
          grunt_vaults_swirl, v_misc_15, vaults_room_fours, v_misc_27,
          ontoclasm_vaults_decontamination, hangedman_vaults_locks,
          vaults_dpeg_diagonal, ontoclasm_vaults_fault, layout_vaults_ring
Vaults:2: nicolae_vaults_network_periphery, hangedman_vaults_corner_blocks,
          nicolae_vaults_theta, ontoclasm_vaults_ring_large,
          nicolae_vaults_statue_guard, nicolae_vaults_three_branches, v_misc_5,
          hangedman_vaults_stagger, ontoclasm_vaults_claustrophobia,
          vaults_room_octagon, v_rooms_5, hangedman_vaults_impose,
          layout_vaults_omnibox
Vaults:3: vaults_room_pools, nicolae_vaults_specimen_jars,
          hangedman_vaults_impose, blue_anna_dwarven_crypt, vaults_dpeg_spiral,
          nicolae_vaults_shelves_hall, nicolae_vaults_rhombus_5,
          vaults_room_fancy_cross, v_misc_8, v_misc_24,
          vaults_dpeg_encased_lava, ontoclasm_vaults_shuriken, v_pattern_5,
          special_room_vaults [special_room_orc], dpeg_vaults_monster_row,
          nicolae_vaults_little_squares_6, layout_vaults_maze_snakey
Vaults:4: nicolae_vaults_twisting_passages, serial_ice_g, v_rooms_3,
          hangedman_vaults_restitches, vaults_room_glass_cross, v_misc_23,
          v_misc_33, ontoclasm_vaults_spin, layout_vaults_big_cross
Vaults:5
Depths:1: layout_big_octagon, grunt_hell_entry_dis_mu,
          kennysheep_decorative_pillar, nicolae_gozag_zags_fifth_avenue,
          minmay_shop_grove, serial_bayou_shore_b, uniq_mara, uniq_aizul
Depths:2: minmay_sliced_demisemicircle, layout_cave_shapes,
          grunt_pan_entry_in_and_out, hell_entry, abyss_entry, serial_glass,
          glass_columns_b, glass_columns_c, minmay_staircase_statues
Depths:3: lemuel_flame_loot_2, layout_twisted_cross, enter_ziggurat_f,
          lightli_too_deep, grunt_pan_entry_spiral,
          nicolae_tso_carved_into_rock, mu_enter_wizlab_3, nrook_campfire
Depths:4: minmay_dotted_concentric_squares, layout_gridlike,
          hangedman_coc_ice_floe, abyss_entry, kennysheep_nub
Depths:5: grunt_zot_entry_tricorne, layout_gridlike,
          pf_vacation_house_of_asmodeus, serial_bayou_pond_b
Zot:1:    layout_basic, grunt_megastairs_4
Zot:2:    layout_gridlike
Zot:3:    layout_cathedral_of_symmetry
Zot:4:    layout_concentric_octagons
Zot:5:    layout_misc_corridors, hangedman_zot_decor_scrapings, st_stairs_13

Skill      XL: |  1  2  3  4  5  6  7  8  9 10 11 12 13 14 15 16 17 18 19 20 21 22 23 24 25 |
---------------+----------------------------------------------------------------------------+-----
Dodging        | 2 3 4 5 6 7 9 10 13 14 15 16 17 18 19 20 21 23 | 23.0
Fighting       | 2 3 4 5 6 7 8 10 12 13 14 15 16 17 18 19 20 22 | 22.8
Staves         | 1 2 3 |  3.7
Evocations     | 4 5 6 7 8 12 11 13 14 15 16 17 19 | 19.6
Short Blades   | 1 3 5 6 7 8 9 11 12 13 14 15 16 17 18 20 | 20.1
Stealth        | 2 3 4 5 7 9 11 12 13 14 15 16 18 | 18.1
Shields        | 1 4 0 |  0.0
Armour         | 7 6 8 9 10 11 12 | 12.7
Long Blades    | 2 |  2.7
Maces & Flails | |  0.1
Throwing       | |  0.6
Unarmed Combat | |  0.8

Action                   |  1- 3 |  4- 6 |  7- 9 | 10-12 | 13-15 | 16-18 | 19-21 | 22-24 | 25-27 || total
-------------------------+-------+-------+-------+-------+-------+-------+-------+-------+-------++-------
Melee: Club              |    21 |       |       |       |       |       |       |       |       ||    21
       Quarterstaff      |    40 |   134 |       |       |       |       |       |       |       ||   174
       Dagger            |       |    43 |   140 |   555 |  2708 |   574 |   634 |   989 |       ||  5643
       Unarmed           |       |       |       |       |     6 |       |       |       |       ||     6
       Quick blade       |       |       |       |       |       |   472 |  1609 |  1005 |  2002 ||  5088
       Rapier            |       |       |       |       |       |       |   780 |  1375 |   992 ||  3147
       Double sword      |       |       |       |       |       |       |       |       |    16 ||    16
Throw: Throwing net      |       |       |       |     2 |       |       |       |       |       ||     2
Invok: Sacrifice Essence |       |       |       |       |     1 |       |       |       |       ||     1
       Sacrifice Experie |       |       |       |       |     1 |       |       |       |       ||     1
       Reject Sacrifices |       |       |       |       |     1 |       |       |       |       ||     1
       Draw Out Power    |       |       |       |       |     1 |     1 |    12 |     6 |     9 ||    29
       Sacrifice Love    |       |       |       |       |     1 |       |       |       |       ||     1
       Sacrifice a Hand  |       |       |       |       |       |     1 |       |       |       ||     1
       Apocalypse        |       |       |       |       |       |       |     2 |     7 |     5 ||    14
 Abil: Evoke Blink       |       |       |       |       |    13 |       |     7 |    36 |    23 ||    79
Evoke: Wand              |    17 |     9 |    10 |    12 |   106 |    18 |    61 |    68 |    59 ||   360
       Tin of tremorston |       |       |       |     2 |     6 |       |     5 |     3 |    10 ||    26
       Lightning rod     |       |       |       |     2 |    11 |     5 |     5 |       |     8 ||    31
       Piece from Xom's  |       |       |       |     1 |     3 |       |     3 |     4 |     1 ||    12
       Condenser vane    |       |       |       |       |       |     1 |     3 |     2 |     4 ||    10
  Use: Scroll            |     2 |     4 |     4 |     8 |    23 |    13 |    13 |     5 |     9 ||    81
       Potion            |     1 |     2 |     1 |     1 |    21 |     9 |    17 |    19 |    28 ||    99
 Stab: Sleeping          |       |     2 |     3 |    12 |    37 |    24 |    26 |    51 |    29 ||   184
       Distracted        |       |       |     1 |     1 |    13 |    20 |    30 |    26 |    43 ||   134
       Invisible         |       |       |       |     4 |     5 |    11 |    29 |    25 |    29 ||   103
       Held in net/web   |       |       |       |     3 |       |       |       |       |       ||     3
       Paralysed         |       |       |       |     2 |     5 |     5 |    10 |    18 |    11 ||    51
       Confused          |       |       |       |       |     2 |     1 |       |       |       ||     3
       Petrified         |       |       |       |       |     1 |       |       |       |       ||     1
       Petrifying        |       |       |       |       |       |       |       |     1 |       ||     1
Armor: Leather armour    |    38 |    72 |    25 |       |       |       |       |       |       ||   135
       Skin              |       |    26 |       |       |       |       |       |       |       ||    26
       Ring mail         |       |       |    10 |   212 |   666 |   226 |   906 |   775 |   434 ||  3229
Dodge: Dodged            |    39 |   143 |    85 |   379 |  1925 |   444 |  2193 |  2240 |  1948 ||  9396
       Repelled          |       |       |       |       |       |       |       |     6 |    42 ||    48
Block: Buckler           |       |       |       |    83 |   674 |    19 |       |       |       ||   776
       Rpst.: Double sword |       |       |       |       |       |       |       |       |     8 ||     8
